cohdb
Replays
Latest Replays
All Replays
Popular Replays
Top Player Replays
Match Explorer
How It Works
Community
CoH3 Stats
Reddit
Sign in to upload your games and track your stats! →
Sign in with Steam
Match 38939966
Unlisted
Match 38939966
Overview
Messages
Build Orders
End
Construct Infanterie Kompanie
MG 42 Machine Gun Team
MG 42 Machine Gun Team
Selects Mechanized Battlegroup
Construct Luftwaffe Kompanie
Pioneer Squad
Selects Mobile Repair Stations
Jäger Squad
Jäger Squad
Jäger Squad
Medical Bunker
Forward Retreat Point
Jäger Squad
Selects Wespe Self-propelled Artillery
Wespe Self-propelled Artillery
Wespe Self-propelled Artillery
Wespe Self-propelled Artillery
Pioneer Squad
Wespe Self-propelled Artillery
Selects Zeroing Artillery Barrage
Medical Bunker
Jäger Squad
Jäger Squad
Wespe Self-propelled Artillery
Jäger Squad
Selects Raid Package
Selects 8 Rad Armored Car
Resign
Eric
radiation
ModMapper
Üc207Pr4f57t9
『BlackBear』
victor_hartman
小方2333
0
0
Comments
sign in to comment!
No comments posted yet!